Map: Ulrena

Players

MorN

  • Race: Terran Terran
  • League: Master

kintSugi - Winner!

  • Race: Zerg Zerg
  • League: Master

VOD

Have the link to the VOD?

Description

Time

  • Played on: Nov. 22, 2015, 8:37 p.m.
  • Length: 13:16
Show
View Real Time Build Order
Export as new Build Order

MorN Terran 

Build Orders: Reaper Expand, MMM Bio 

Get SALT Encoding   

  12  0:01  SCV  
  13  0:13  SCV  
  14  0:18  Supply Depot  
  14  0:25  SCV  
  15  0:39  SCV  
  15  0:41  Barracks  
  16  0:44  Refinery  
  16  0:52  SCV  
  17  1:04  SCV  
  18  1:16  SCV  
  19  1:28  Reaper  
  19  1:29  Orbital Command  
  20  1:43  Command Center  
  20  1:53  Supply Depot  
  20  1:55  SCV  
  20  2:00  Reaper  
  22  2:07  SCV  
  23  2:24  Factory  
  23  2:43  Barracks Reactor  
  23  2:46  SCV  
  23  2:49  Refinery  
  24  2:58  Orbital Command  
  24  2:59  SCV  
  24  3:00  Command Center  
  25  3:11  SCV  
  26  3:13  Factory Tech Lab  
  26  3:20  Marine x2  
  26  3:22  Starport  
  26  3:23  SCV  
  26  3:24  SCV  
  30  3:35  SCV  
  30  3:36  SCV  
  30  3:38  Marine x2  
  34  3:45  Siege Tank  
  34  3:47  SCV  
  39  3:48  SCV  
  39  3:56  Marine x2  
  39  3:59  SCV  
  39  4:00  SCV  
  43  4:02  Medivac  
  45  4:10  Bunker  
  45  4:12  Supply Depot, SCV  
  45  4:14  Marine  
  47  4:17  Liberator  
  47  4:23  SCV, Orbital Command  
  47  4:24  SCV  
  52  4:46  SCV  
  52  4:48  Barracks  
  52  4:49  Barracks  
  52  4:50  Factory Reactor  
  53  4:53  SCV  
  54  5:07  Stimpack  
  54  5:08  SCV  
  54  5:10  Refinery  
  54  5:11  Refinery  
  54  5:13  Engineering Bay  
  54  5:14  SCV, Engineering Bay  
  56  5:15  Barracks x2  
  56  5:24  Starport Reactor, Marine  
  56  5:25  SCV x2  
  59  5:33  Supply Depot  
  59  5:39  Marine  
  60  5:43  Terran Infantry Weapons Level 1  
  60  5:44  Terran Infantry Armor Level 1  
  59  5:52  Factory Reactor  
  59  5:55  Marine x2  
  61  5:57  Marine  
  61  5:58  SCV  
  61  5:59  Supply Depot, SCV  
  61  6:03  Medivac x2  
  68  6:07  Orbital Command  
  68  6:17  Supply Depot  
  68  6:19  Marine  
  68  6:20  Barracks Reactor x2  
  68  6:21  SCV  
  68  6:25  Marine x3  
  71  6:30  Marine  
  71  6:31  Widow Mine x2  
  75  6:37  SCV x2, Marine  
  75  6:39  SCV  
  79  6:42  Medivac x2  
  79  6:43  Marine x2  
  85  6:47  Armory  
  85  6:53  SCV x3  
  85  6:54  Supply Depot x2  
  88  6:59  Supply Depot  
  88  7:05  SCV x3  
  88  7:06  Marine x2  
  93  7:09  Supply Depot  
  93  7:10  Supply Depot, Missile Turret  
  93  7:11  Missile Turret  
  93  7:13  Missile Turret  
  93  7:15  Marine x7  
  96  7:16  Combat Shields  
  96  7:17  SCV x3  
  103  7:23  Medivac  
  103  7:24  Medivac, Marine x2  
  103  7:29  SCV  
  110  7:30  SCV x2  
  110  7:33  Marine  
  110  7:36  Marine x4  
  117  7:37  Supply Depot  
  117  7:39  Terran Infantry Weapons Level 2  
  117  7:41  SCV  
  117  7:43  Refinery  
  118  7:44  Marine  
  118  7:47  Terran Infantry Armor Level 2  
  118  7:49  SCV x2  
  121  7:53  Supply Depot, Marine, SCV  
  121  7:54  Marine  
  121  7:56  Marauder  
  126  8:09  Marine x2  
  126  8:12  Marine x2  
  128  8:13  Marine x3  
  128  8:15  Medivac, Widow Mine x2  
  128  8:17  Marauder  
  128  8:18  Supply Depot  
  128  8:19  Supply Depot x2, SCV x2  
  143  8:32  Marine x2  
  143  8:33  Marine x4  
  149  8:36  Liberator x2  
  145  8:43  Marine x3  
  148  8:50  Marine x2  
  148  8:53  Widow Mine x2  
  160  8:59  Supply Depot  
  160  9:05  Barracks  
  160  9:07  Barracks  
  160  9:08  Barracks  
  160  9:09  Marine x4  
  161  9:10  Marine x3  
  161  9:14  Marine x2  
  164  9:25  Widow Mine  
  164  9:27  Marine x3  
  164  9:28  Supply Depot  
  164  9:29  Supply Depot  
  169  9:33  Marauder  
  171  9:38  Marine x2  
  171  9:39  Marine x2  
  171  9:40  Medivac x2  
  177  9:52  Command Center x2  
  171  9:54  Marauder  
  133  10:17  Marine x5  
  133  10:18  Marauder  
  133  10:19  Barracks Tech Lab x3  
  133  10:20  Terran Infantry Weapons Level 3, Terran Infantry Armor Level 3  
  140  10:21  Marine x2  
  140  10:31  Liberator  
  140  10:33  Marine  
  140  10:35  Marine x2  
  117  10:40  Marauder  
  117  10:41  Marine  
  117  10:42  Marine x3  
  113  10:46  Marine x3  
  115  10:50  Marauder  
  115  10:53  SCV x2  
  116  11:01  Marauder  
  115  11:11  Marauder, Marine x2  
  115  11:12  Marauder, Marine  
  115  11:15  Marine x3  
  115  11:16  Marauder  
  124  11:22  Marauder  
  124  11:24  Widow Mine, Marine x2  
  130  11:29  Marine  
  131  11:33  Marauder x2  
  109  11:49  Marine  
  109  11:50  Marine x3, Marauder  
  109  11:51  Marauder  
  103  11:59  Marine x4  
  103  12:00  Marauder  
  103  12:01  Marine  
  87  12:04  Medivac x2  
  87  12:05  Orbital Command  
  87  12:07  Marine  
  87  12:08  Marine  
  79  12:09  Marine x2  
  79  12:11  Marauder  
  79  12:12  Marine  
  68  12:19  Marine x2  
  66  12:33  Marine x2  
  66  12:34  Marine x2  
Show
View Real Time Build Order
Export as new Build Order

kintSugi Zerg - Winner!

Build Orders: Hatch First 

Get SALT Encoding   

  12  0:08  Drone  
  13  0:18  Overlord  
  13  0:20  Drone  
  14  0:36  Drone x2  
  14  0:41  Drone  
  17  0:57  Hatchery, Drone  
  17  1:06  Drone  
  18  1:18  Drone, Spawning Pool  
  18  1:24  Drone  
  19  1:28  Extractor  
  18  1:42  Drone  
  19  1:47  Overlord  
  19  2:08  Zergling x4  
  20  2:09  Queen x2  
  20  2:10  Drone  
  26  2:20  Drone x2  
  28  2:29  Metabolic Boost  
  27  2:32  Overlord  
  27  2:35  Extractor  
  26  2:37  Drone  
  26  2:39  Extractor  
  26  2:41  Drone x2  
  29  2:54  Overlord  
  29  2:57  Queen  
  29  2:58  Drone  
  32  3:04  Drone x2  
  34  3:16  Drone  
  34  3:17  Drone  
  36  3:23  Drone x4  
  36  3:26  Drone x2  
  43  3:27  Drone  
  43  3:38  Hatchery  
  43  3:41  Queen  
  44  3:47  Overlord  
  44  3:48  Drone  
  44  3:49  Drone  
  44  3:54  Drone, Baneling Nest  
  46  3:57  Drone x2  
  46  3:59  Drone  
  46  4:00  Drone  
  50  4:14  Zergling x10  
  55  4:17  Extractor  
  55  4:18  Extractor  
  53  4:26  Overlord x2  
  53  4:34  Drone  
  53  4:35  Drone  
  55  4:39  Drone x3  
  55  4:44  Drone  
  55  4:45  Drone  
  60  4:46  Evolution Chamber  
  60  4:48  Evolution Chamber, Drone  
  60  4:49  Drone x2  
  60  4:52  Spore Crawler  
  60  4:53  Spore Crawler  
  60  4:56  Drone x2  
  60  4:57  Spore Crawler  
  60  5:00  Zergling x2  
  60  5:05  Overlord  
  61  5:09  Drone x5  
  66  5:15  Zerg Ground Armor Level 1, Zerg Melee Weapons Level 1  
  66  5:16  Lair  
  66  5:20  Drone x2  
  69  5:21  Drone  
  69  5:25  Drone x3  
  72  5:32  Baneling x2  
  72  5:35  Overlord x2  
  69  5:56  Drone  
  69  5:57  Drone x5  
  75  6:02  Extractor  
  75  6:03  Extractor  
  73  6:05  Overlord  
  73  6:06  Overlord  
  73  6:07  Zergling x12  
  73  6:10  Drone x2, Extractor  
  80  6:17  Spire, Centrifical Hooks  
  78  6:25  Zergling x12  
  83  6:37  Hatchery  
  82  6:46  Drone  
  85  6:47  Drone x2  
  85  6:49  Drone x2  
  85  6:50  Hatchery  
  86  7:06  Drone x2  
  86  7:08  Drone  
  89  7:09  Zerg Melee Weapons Level 2  
  89  7:10  Zerg Ground Armor Level 2  
  89  7:14  Overlord  
  89  7:15  Overlord  
  89  7:16  Overlord  
  89  7:17  Pneumatized Carapace  
  89  7:26  Drone x7  
  89  7:27  Drone x3  
  89  7:28  Zergling x2  
  89  7:29  Zerg Flyer Weapons Level 1  
  100  7:31  Corruptor  
  102  7:41  Corruptor  
  102  7:42  Corruptor x3  
  102  7:43  Zergling x2  
  111  7:48  Zergling x2  
  111  7:50  Zergling x4  
  114  7:54  Queen  
  114  7:55  Zergling x8  
  114  7:57  Spine Crawler  
  114  7:58  Spine Crawler, Zergling x2  
  119  8:01  Zergling x4  
  121  8:06  Zergling x4  
  121  8:09  Corruptor  
  121  8:12  Baneling x3  
  125  8:13  Baneling x3  
  125  8:14  Zergling x2  
  125  8:15  Zergling x6  
  125  8:16  Baneling x8  
  125  8:17  Zergling x6  
  125  8:18  Zergling x2  
  125  8:19  Zergling x6  
  136  8:23  Zergling x10  
  136  8:24  Zergling x2  
  142  8:30  Zergling x2  
  143  8:37  Zergling x8  
  143  8:40  Zergling x2  
  139  8:47  Baneling x6  
  139  8:48  Zergling x10  
  139  8:49  Zergling x4  
  139  8:50  Zergling x2  
  139  8:53  Zergling x2  
  139  8:54  Zergling x10  
  150  8:55  Overlord  
  150  8:56  Overlord x3, Overseer  
  150  8:57  Overseer x3  
  150  8:59  Overlord  
  147  9:07  Zergling x2  
  147  9:08  Zergling x10  
  150  9:11  Baneling x17  
  150  9:14  Zergling x8  
  152  9:23  Zergling x18  
  160  9:29  Zergling x8  
  160  9:30  Zergling x6  
  165  9:32  Zergling x2  
  165  9:33  Zergling x2  
  165  9:35  Hatchery  
  165  9:36  Baneling x9  
  165  9:37  Baneling x2  
  165  9:38  Zergling x2  
  165  9:39  Zergling x2  
  165  9:42  Zergling x2  
  165  9:43  Zergling x4  
  167  9:49  Zergling x4  
  167  9:52  Zergling x10  
  161  9:56  Zergling x4  
  161  9:57  Zergling x2  
  161  9:59  Zergling x2  
  133  10:05  Zergling x2  
  126  10:08  Baneling  
  126  10:12  Baneling x11  
  126  10:13  Zergling x2  
  126  10:14  Zergling x8  
  131  10:18  Zerg Flyer Weapons Level 2  
  131  10:19  Zergling x2  
  131  10:20  Zergling x6  
  131  10:21  Baneling x6  
  135  10:24  Zergling x2  
  131  10:29  Zergling x6  
  131  10:31  Zergling x2  
  131  10:33  Zergling x2  
  131  10:34  Zergling x4  
  124  10:36  Zergling x2  
  124  10:37  Zergling x22  
  124  10:41  Zergling x4  
  133  10:46  Drone  
  133  10:47  Drone  
  135  10:50  Zergling x4  
  135  10:51  Queen  
  135  10:52  Drone x3  
  135  10:55  Zergling x2  
  139  10:58  Baneling x6  
  139  10:59  Hatchery, Baneling x6  
  139  11:00  Zergling x2  
  139  11:07  Zergling x18  
  139  11:08  Zergling x8  
  139  11:09  Zergling x2  
  139  11:10  Zergling x4  
  156  11:11  Zergling x2  
  156  11:20  Zergling x16  
  156  11:25  Zergling x2  
  160  11:30  Zergling x6  
  162  11:34  Zergling x2  
  162  11:35  Zergling x26  
  162  11:38  Zergling x2  
  165  11:43  Zergling x2  
  165  11:45  Zergling x8  
  156  11:48  Zergling x2  
  156  11:52  Zergling x2  
  147  11:59  Zergling x10  
  147  12:00  Zergling x8  
  146  12:01  Zergling x4  
  146  12:02  Zergling x4  
  146  12:03  Zergling x16  
  155  12:10  Zergling x6  
  155  12:11  Zergling x4  
  155  12:12  Baneling x2  
  155  12:13  Baneling x2  
  155  12:14  Zergling x2  
  154  12:18  Baneling x2  
  154  12:21  Spore Crawler  
  154  12:22  Zergling x2  
  148  12:23  Zergling x8  
  148  12:24  Spine Crawler  
  148  12:25  Zergling x2  
  148  12:26  Zergling x4  
  148  12:27  Spine Crawler  
  148  12:30  Zergling x10  
  148  12:36  Baneling  
  148  12:37  Baneling x15  
  149  12:38  Baneling x3  
  149  12:39  Baneling x2  
  149  12:44  Zergling x2  
  149  12:45  Zergling x10  
  149  12:48  Infestation Pit  
  154  12:53  Baneling x13  
  154  12:56  Zergling x6  
Tags
 
Composition
MMM Bio
Matchup
TvZ
Replay Pack
MorN pack 2
Add a new tag
Caveats
  • Supply blocks, unpowered buildings, or Contaminate may cause inaccurate times.
  • Supply counts are checked every 10 seconds.